 Dungeon Crawl Stone Soup version 0.27.1-4-g1640c2035a (webtiles) character file.

Game seed: 11264322400588070334

31 pkoi the Shield-Bearer (level 3, -1/33 HPs)
             Began as a Minotaur Fighter on Nov 1, 2021.
             Was a Follower of Wu Jian.
             Slain by an orc priest (7 damage)
             ... on level 2 of the Dungeon.
             The game lasted 00:02:04 (1454 turns).

pkoi the Shield-Bearer (Minotaur Fighter)           Turns: 1454, Time: 00:02:05

Health: -1/33      AC:  8    Str: 21    XL:     3   Next: 7%
Magic:  2/2        EV:  7    Int:  5    God:    Wu Jian [*.....]
Gold:   75         SH:  9    Dex:  9    Spells: 2/2 levels left

rFire    . . .     SeeInvis .   a - +0 long sword
rCold    . . .     Faith    .   c - +0 kite shield
rNeg     . . .     Spirit   .   b - +0 scale mail
rPois    +         Reflect  .   (helmet restricted)
rElec    .         Harm     .   m - +0 cloak
rCorr    .         Rampage  .   (no gloves)
Will     .....                  (no boots)
Stlth    ..........             (no amulet)
HPRegen  0.11/turn              g - ring of poison resistance
MPRegen  0.08/turn              (no ring)

@: no status effects
A: horns 2, retaliatory headbutt
a: Renounce Religion


You were on level 2 of the Dungeon.
You worshipped Wu Jian.
Wu Jian was aware of your devotion.
You visited 1 branch of the dungeon, and saw 2 of its levels.

You collected 75 gold pieces.

Inventory:

Hand Weapons
 a - a +0 long sword (weapon)
Missiles
 j - 24 poisoned darts (quivered)
Armour
 b - a +0 scale mail (worn)
 c - a +0 kite shield (worn)
 m - a +0 cloak (worn)
Jewellery
 g - a ring of poison resistance (left hand)
 l - a ring of fire
Scrolls
 f - a scroll of immolation {unknown}
 h - a scroll of magic mapping {unknown}
 i - a scroll of holy word {unknown}
 k - a scroll of enchant weapon {unknown}
 o - a scroll of identify {unknown}
Potions
 d - a potion of might
 e - a potion of cancellation {unknown}
 n - a potion of degeneration {unknown}


   Skills:
 + Level 3.9 Fighting
 * Level 3.2 Long Blades
 + Level 3.9 Armour
 * Level 4.1 Shields


You had 2 spell levels left.
You didn't know any spells.
Your spell library was empty.

Dungeon Overview and Level Annotations

Branches:
Dungeon (2/15)

Altars:
Nemelex Xobeh
Wu Jian


Innate Abilities, Weirdness & Mutations

You have a pair of horns on your head.
You reflexively headbutt those who attack you in melee.


Message History

You hit the orc. Your headbutt misses the orc.
The orc is heavily wounded.
The orc priest calls upon Beogh to heal the orc.
The orc's wounds heal themselves!
The orc hits you but does no damage.
The orc priest calls down the wrath of Beogh upon you.
Beogh smites you!
Ouch! That really hurt!
* * * LOW HITPOINT WARNING * * *
Unknown command.
You barely miss the orc. You block the orc's attack.
The orc priest casts a cantrip, but nothing happens.
The orc hits you with a +0 dagger.
* * * LOW HITPOINT WARNING * * *
You slash the orc!
You kill the orc!
The Council accepts your kill.
You closely miss the orc priest. The orc priest closely misses you.
You riposte.
Your shield and scale mail prevent you from hitting the orc priest.
You headbutt the orc priest, but do no damage.
You block the orc priest's attack.
You hit the orc priest.
The orc priest is moderately wounded.
The orc priest barely misses you.
You hit the orc priest but do no damage.
Your headbutt misses the orc priest.
The orc priest is moderately wounded.
You block the orc priest's attack.
The orc priest mumbles some strange prayers to Beogh against you.
Pain shoots through your body!
* * * LOW HITPOINT WARNING * * *
You hit the orc priest.
The orc priest is severely wounded.
You block the orc priest's attack.
Unknown command.
You hit the orc priest but do no damage.
The orc priest is severely wounded.
You block the orc priest's attack.
The orc priest hits you with a +0 hand axe!
You die...

# #############
.........(..##############
.........>.............)..
#.#..............#o######
#.#......##..###.#o#
#......#.##..# #@#.#
#..##.##.##..# #o#<#
#..##)##.##..###o#.#
#..##.##.##>.##....####
#..##.##.##..#....o...#.
#.........).............
##.##.######.#..#.......
...##.# #.##.#.≈...≈.
#####.# #.##.#.......


You could see an orc priest and an orc.

Vanquished Creatures
  2 dart slugs (D:1)
  3 orcs (D:2)
  3 endoplasms
  3 goblins
  3 hobgoblins (D:2)
  A quokka (D:1)
  A ball python (D:1)
  2 bats (D:1)
  2 frilled lizards
  A kobold (D:2)
  A rat (D:1)
22 creatures vanquished.

Notes
Turn   | Place    | Note
-------+----------+-------------------------------------------
     0 | D:1      | pkoi the Minotaur Fighter began the quest for the Orb.
     0 | D:1      | Reached XP level 1. HP: 19/19 MP: 0/0
   173 | D:1      | Found a faded altar of an unknown god.
   193 | D:1      | Became a worshipper of the Wu Jian Council
   193 | D:1      | Reached * piety under Wu Jian
   453 | D:1      | Reached XP level 2. HP: 27/27 MP: 1/1
   664 | D:1      | Reached skill level 4 in Shields
   938 | D:2      | Found a sparkling altar of Nemelex Xobeh.
  1435 | D:2      | Reached XP level 3. HP: 33/33 MP: 2/2
  1454 | D:2      | Slain by an orc priest

Illustrated notes

Levels and vault maps discovered:
D:1:      matt_arrival_spirals, layout_basic,
          chequers_ecumenical_altar_simple_redux, serial_bayou_lagoon_b
D:2:      cheibrodos_pilgrimage, layout_loops_ring, basic_altar

Skill      XL: |  1  2 |
---------------+-------+-----
Long Blades    | 3 |  3.2
Shields        | 4 |  4.1
Fighting       | |  3.9
Armour         | |  3.9

Action                   || total
-------------------------++-------
Melee: Long sword        ||    52
       Headbutt          ||     9
Invok: Lunge             ||     4
Armor: Scale mail        ||    12
Dodge: Dodged            ||     7
Block: Kite shield       ||    25
       Rpst.: Long sword ||     1
